 Dungeon Crawl Stone Soup version 0.31.0-32-g396128a36d (webtiles) character file.

Game seed: 5240343061813908078

4837 KittyFluff the Ruffian (level 10, -8/147 HPs)
             Began as a Troll Shapeshifter on Mar 26, 2024.
             Was a Believer of Trog.
             Mangled by a yak (10 damage)
             ... on level 8 of the Dungeon.
             The game lasted 00:30:03 (6481 turns).

KittyFluff the Ruffian (Troll Shapeshifter)         Turns: 6481, Time: 00:30:05

Health: -8/147     AC:  5    Str: 28    XL:     10   Next: 25%
Magic:  9/9        EV: 10    Int:  6    God:    Trog [**....]
Gold:   377        SH: 14    Dex: 15    Spells: 7/9 levels left

rFire   . .          .
                       - Unarmed
rCold   . . .        E - +0 tower shield
rNeg    . . .        a - +0 troll leather armour
rPois   .            (helmet currently unavailable)
rElec   .            (cloak currently unavailable)
rCorr   .            (gloves unavailable)
SInv    .            (boots unavailable)
Will    +....        u - amulet of the acrobat Stlth
                     K - ring of willpower
HPRegen 2.04/turn    L - +6 ring of dexterity
MPRegen 0.11/turn

%: acrobat
@: berserking, lethally poisoned (-8 -> -8), beast-form, very quick
A: beast (slay +4), large, unfitting armour, claws 3, regeneration 1, shaggy fur
1, tough skin 1
a: Begin Untransformation, Renounce Religion, Berserk, Trog's Hand


You were on level 8 of the Dungeon.
You worshipped Trog.
Trog was pleased with you.
You were a hulking beast.
You visited 1 branch of the dungeon, and saw 8 of its levels.

You collected 377 gold pieces.

Inventory:

Hand Weapons
 s - a +4 quarterstaff of chaos
 x - a +0 sling
 C - a +0 shortbow
 H - a +0 whip of freezing
 M - a +4 halberd
 Q - a +1 dire flail
Missiles
 e - 57 stones (quivered)
 A - 2 throwing nets
 O - 10 poisoned darts
Armour
 a - a +0 troll leather armour (worn)
 j - a scarf of shadows
 t - a +0 cloak
 E - a +0 tower shield (worn)
 N - a +1 hat of willpower
 P - +0 steam dragon scales
Jewellery
 u - an amulet of the acrobat (around neck)
 K - a ring of willpower (left claw)
 L - a +6 ring of dexterity (right claw)
Talismans
 c - a beast talisman
 d - a flux talisman
Wands
 z - a wand of roots (9)
 F - a wand of paralysis (9)
Scrolls
 g - 3 scrolls of fog
 i - a scroll of blinking {unknown}
 k - a scroll of torment {unknown}
 l - 3 scrolls of vulnerability {unknown}
 n - a scroll of acquirement {unknown}
 o - a scroll of enchant armour {unknown}
 r - 3 scrolls of identify {unknown}
 v - 2 scrolls of poison {unknown}
 w - a scroll of revelation {unknown}
 y - 3 scrolls of fear
 B - a scroll of enchant weapon {unknown}
 D - a scroll of amnesia {unknown}
 I - 3 scrolls of teleportation {unknown}
 J - 2 scrolls of immolation {unknown}
Potions
 b - 2 potions of lignification
 f - 3 potions of heal wounds {unknown}
 h - 5 potions of might {unknown}
 m - 2 potions of resistance {unknown}
 p - 3 potions of berserk rage {unknown}
 q - 5 potions of curing {unknown}
 G - a potion of cancellation {unknown}


   Skills:
 + Level 5.8 Fighting
 + Level 6.1 Dodging
 + Level 4.9 Shields
 + Level 7.7 Unarmed Combat
 + Level 7.1 Shapeshifting


You had 7 spell levels left.
You knew the following spells:

 Your Spells              Type           Power      Damage    Failure   Level
a - Blink                 Tloc           0%         N/A       98%         2

Your spell library contained the following spells:

 Spells                   Type           Power      Damage    Failure   Level
 Jinxbite                 Hex            0%         N/A       98%         2
 Lesser Beckoning         Tloc           0%         N/A       98%         2
 Momentum Strike          Conj/Tloc      0%         3d8       98%         2
 Yara's Violent Unravell  Hex/Alch       0%         3d3       100%        5
 Enfeeble                 Hex            0%         N/A       100%        7


Dungeon Overview and Level Annotations

Branches:
Dungeon (8/15)             Temple (0/1) D:4            Lair (0/5) D:8

Altars:
Ashenzari
Cheibriados
Gozag
Qazlal
Sif Muna
Trog
Wu Jian
Zin

Annotations:
D:8 Prince Ribbit


Innate Abilities, Weirdness & Mutations

You are a hulking beast.
Your limbs bulge with bestial killing power. (Slay +4)
You are too large for most types of armour.
You have claws for hands.
Your natural rate of healing is unusually fast.
You are covered in fur. (AC +1)
You have tough skin. (AC +1)


Message History

You barely miss the yak.
You feel very sick.
Prince Ribbit hits you but does no damage.
The water moccasin bites you. You block the yak's attack. The yak gores you!
Prince Ribbit hits you.
* * * LOW HITPOINT WARNING * * *
A red film seems to cover your vision as you go berserk!
You feel yourself moving faster!
You feel mighty!
You feel very sick. You block the water moccasin's attack. The yak gores you!
* * * LOW HITPOINT WARNING * * *
Prince Ribbit closely misses you. The yak gores you!
* * * LOW HITPOINT WARNING * * *
You block the water moccasin's attack.
You claw the yak!
The yak is moderately wounded.
You feel sick. You block the yak's attack. You block Prince Ribbit's attack.
The water moccasin bites you.
* * * LOW HITPOINT WARNING * * *
The yak gores you.
* * * LOW HITPOINT WARNING * * *
You claw the yak!
The yak is heavily wounded.
You feel sick. You block Prince Ribbit's attack. The water moccasin bites you.
* * * LOW HITPOINT WARNING * * *
You block the yak's attack. The yak gores you.
* * * LOW HITPOINT WARNING * * *
You mangle the yak!!
You kill the yak!
Trog accepts your kill.
You feel sick. The water moccasin barely misses you.
You block Prince Ribbit's attack.
You claw the yak!
The yak is moderately wounded.
You feel sick. Prince Ribbit hits you.
* * * LOW HITPOINT WARNING * * *
The water moccasin bites you.
* * * LOW HITPOINT WARNING * * *
The yak gores you!
You die...

§§)≈≈.[.....# #.# #.P...........
≈.).§.......####>###......P......
≈.8§§§.............#...P.....P>..
).....#####........#...).........
......# #........#..P....P..P..
....†## #........#.P...........
..†..# #......................
.....# #......F...............
.....######.....hS...............
##..............Y..#.....#...P...
#...........).....#.....#..!....
#...........#)#####.....########
#......._8_...# #.....#
#.|..........## #.....#
#...........## #######
#..........## #..........#


You could see Prince Ribbit, a yak and a water moccasin.

Vanquished Creatures
  A boulder beetle (D:8)
  Pikel (D:6)
  Maggie (D:8)
  A troll (D:8)
  Grinder (D:3)
  Sigmund (D:2)
  2 yaks (D:8)
  2 water moccasins
  3 sky beasts
  An ice beast (D:6)
  A black bear (D:8)
  A lemure (D:6)
  2 kobold brigands (D:8)
  6 bullfrogs
  A gnoll sergeant (D:7)
  A scorpion (D:4)
  8 wights (D:8)
  3 howler monkeys (D:8)
  An electric eel (D:7)
  A hound (D:6)
  2 jellies (D:6)
  2 gnoll boudas
  2 orc priests
  Crazy Yiuf (D:2)
  2 iguanas
  8 orc wizards
  15 gnolls
  7 adders
  2 white imps
  2 dart slugs (D:2)
  23 orcs
  4 ball pythons
  4 endoplasms
  6 giant cockroaches
  5 hobgoblins
  10 jackals (D:2)
  2 quokkas
  4 bats
  3 frilled lizards
  7 goblins
  14 kobolds
  7 rats
171 creatures vanquished.

Vanquished Creatures (others)
  An orc wizard (D:4)
1 creature vanquished.

Grand Total: 172 creatures vanquished

Notes
Turn   | Place    | Note
-------+----------+-------------------------------------------
     0 | D:1      | KittyFluff the Troll Shapeshifter began the quest for the
                  | Orb.
     0 | D:1      | Reached XP level 1. HP: 18/18 MP: 0/0
   178 | D:1      | Reached skill level 1 in Fighting
   284 | D:1      | Found a faded altar of an unknown god.
   383 | D:1      | Reached XP level 2. HP: 27/27 MP: 1/1
   942 | D:2      | Reached XP level 3. HP: 29/33 MP: 2/2
  1080 | D:2      | Noticed Sigmund
  1096 | D:2      | Killed Sigmund
  1097 | D:2      | Reached XP level 4. HP: 33/42 MP: 3/3
  1097 | D:2      | Reached XP level 5. HP: 38/49 MP: 4/4
  1101 | D:2      | Learned a level 2 spell: Blink
  1263 | D:2      | Found a runed translucent door.
  1264 | D:2      | Noticed Crazy Yiuf
  1271 | D:2      | Killed Crazy Yiuf
  1762 | D:3      | Reached XP level 6. HP: 58/59 MP: 5/5
  2053 | D:3      | Noticed Grinder
  2075 | D:3      | Killed Grinder
  2239 | D:3      | Found a bloodstained altar of Trog.
  2248 | D:3      | Became a worshipper of Trog the Wrathful
  2502 | D:3      | Reached XP level 7. HP: 55/67 MP: 6/6
  3060 | D:4      | Found a glowing silver altar of Zin.
  3329 | D:4      | Found a staircase to the Ecumenical Temple.
  3500 | D:5      | Entered Level 5 of the Dungeon
  3666 | D:5      | Reached skill level 5 in Unarmed Combat
  3689 | D:5      | Found an opulent altar of Gozag.
  4336 | D:6      | Reached skill level 5 in Shapeshifting
  4367 | D:6      | Found a broken altar of Ashenzari.
  4408 | D:6      | Reached skill level 1 in Shields
  4408 | D:6      | Reached XP level 8. HP: 61/78 MP: 7/7
  4511 | D:6      | Noticed Pikel
  4527 | D:6      | Killed Pikel
  4575 | D:6      | Reached * piety under Trog
  5067 | D:7      | Found a stormy altar of Qazlal.
  5404 | D:7      | Reached XP level 9. HP: 27/85 MP: 8/8
  5728 | D:8      | Noticed Prince Ribbit
  5798 | D:7      | Reached skill level 5 in Dodging
  5973 | D:8      | Reached ** piety under Trog
  5993 | D:8      | Found a shimmering blue altar of Sif Muna.
  6001 | D:8      | Noticed Maggie
  6018 | D:8      | Reached skill level 5 in Fighting
  6027 | D:8      | Killed Maggie
  6051 | D:8      | Noticed a boulder beetle
  6136 | D:8      | Noticed a troll
  6139 | D:8      | Killed a boulder beetle
  6165 | D:8      | Killed a troll
  6244 | D:8      | Reached XP level 10. HP: 88/97 MP: 9/9
  6391 | D:8      | Found an ornate altar of the Wu Jian Council.
  6395 | D:8      | Found a snail-covered altar of Cheibriados.
  6440 | D:8      | Found a staircase to the Lair.
  6481 | D:8      | HP: 5/147 [Prince Ribbit (4)]
  6481 | D:8      | HP: 2/147 [water moccasin (3)]
  6481 | D:8      | Mangled by a yak

Illustrated notes

Levels and vault maps discovered:
D:1:      saegor_arrival_simple_c, layout_basic, ebering_ecumenical_altar_ruins
D:2:      minmay_razor_zed, layout_loops_ring, uniq_crazy_yiuf_cottage,
          uniq_sigmund
D:3:      layout_basic, trog_book, uniq_grinder
D:4:      layout_loops_ring, zin_academy, minmay_temple_entry_drinking_statues,
          kennysheep_generic_room_5
D:5:      layout_basic, grunt_gozag_breadcrumbs, glass_columns_b
D:6:      layout_rooms, marbit_many_paths, uniq_pikel
D:7:      layout_basic, mainiacjoe_overflow_boulevard, kennysheep_another_room,
          minmay_crystal_water
D:8:      layout_basic, mainiacjoe_overflow_catwalk,
          chequers_temple_overflow_statue_of_worship,
          due_lair_maze_entry_diamond, minmay_increasing_density, uniq_maggie,
          uniq_prince_ribbit1

Skill      XL: |  1  2  3  4  5  6  7  8  9 10 |
---------------+-------------------------------+-----
Fighting       | 1 2 3 4 5 |  5.8
Dodging        | 2 3 4 5 6 |  6.1
Unarmed Combat | 4 5 6 7 |  7.7
Shapeshifting  | 4 5 6 7 |  7.1
Shields        | 1 2 4 |  4.9

Action                     |  1- 3 |  4- 6 |  7- 9 | 10-12 || total
---------------------------+-------+-------+-------+-------++-------
  Melee: Unarmed           |    58 |   109 |   269 |    75 ||   511
         Punch             |     1 |     2 |    11 |       ||    14
  Throw: Stone             |     1 |     6 |    12 |       ||    19
 Invoke: Berserk           |       |       |       |     1 ||     1
    Use: Scroll            |       |       |     2 |       ||     2
 Armour: Animal skin       |    23 |    88 |   132 |       ||   243
         Steam dragon scal |       |       |    20 |       ||    20
         Troll leather arm |       |       |     5 |    47 ||    52
         Skin              |       |       |     2 |       ||     2
  Dodge: Dodged            |    26 |    73 |   130 |    28 ||   257
  Block: Tower shield      |       |       |    22 |    67 ||    89
